 Dungeon Crawl Stone Soup version 0.29-a0-322-g68df515428 (webtiles) character file.

Game seed: 12661009372732670329

68 GigaChad the Bolt Thrower (level 4, -1/37 HPs)
             Began as a Minotaur Hunter on Apr 6, 2022.
             Was an Initiate of Ashenzari.
             Succumbed to an orc wizard's poison
             ... on level 3 of the Dungeon.
             The game lasted 00:08:23 (1063 turns).

GigaChad the Bolt Thrower (Minotaur Hunter)         Turns: 1063, Time: 00:08:23

Health: -1/37      AC:  6    Str: 16    XL:     4   Next: 1%
Magic:  3/3        EV: 12    Int:  6    God:    Ashenzari [......]
Gold:   69         SH:  0    Dex: 21    Spells: 3/3 levels left

rFire   . . .      SeeInvis .   a - +1 hand crossbow of the Celestial Lethargy {Alch, Cun} (curse)
rCold   . . .      Faith    .   (no shield)
rNeg    . . .      Spirit   .   h - +0 ring mail
rPois   .          Reflect  .   (helmet restricted)
rElec   .          Harm     .   (no cloak)
rCorr   .          Rampage  .   (no gloves)
Will    .....                   m - +0 pair of boots
Stlth   +.........              (no amulet)
HPRegen 0.12/turn               g - +6 ring of dexterity
MPRegen 0.08/turn               (no ring)

@: lethally poisoned (-1 -> -16)
A: horns 2, retaliatory headbutt
a: Renounce Religion, Curse Item, Shatter the Chains


You were on level 3 of the Dungeon.
You worshipped Ashenzari.
Ashenzari was noncommittal.
You visited 1 branch of the dungeon, and saw 3 of its levels.

You collected 69 gold pieces.

Inventory:

Hand Weapons
 a - the cursed +1 hand crossbow of the Celestial Lethargy (weapon) {Alch, Cun}

   It has a curse which improves the following skills: Alchemy: Poison Magic and
   Transmutations.
   Cunning:   Dodging and Stealth.
 d - a +0 short sword
 o - a +0 hand axe
Armour
 b - a +0 leather armour
 h - a +0 ring mail (worn)
 k - a +0 helmet
 m - a +0 pair of boots (worn)
Jewellery
 g - a +6 ring of dexterity (left hand)
Scrolls
 c - a scroll of immolation
 e - a scroll of noise
 i - a scroll of brand weapon {unknown}
 j - a scroll of acquirement {unknown}
 n - a scroll of blinking {unknown}
 p - a scroll of identify
Potions
 f - 2 potions of heal wounds {unknown}
 l - a potion of flight {unknown}


   Skills:
 + Level 2.6 Fighting
 + Level 5.9 Crossbows
 + Level 0.4 Armour
 + Level 2.3(2.7) Dodging
 + Level 0.8(1.1) Stealth


You had 3 spell levels left.
You didn't know any spells.
Your spell library was empty.

Dungeon Overview and Level Annotations

Branches:
Dungeon (3/15)

Altars:
Ashenzari

Shops:
D:2 ?


Innate Abilities, Weirdness & Mutations

You have a pair of horns on your head.
You reflexively headbutt those who attack you in melee.


Message History

The orc shouts!
The bolt hits the bat!
You kill the bat!
An orc wizard comes into view. It is wielding a +0 dagger of venom.
You shoot a bolt. The bolt hits the orc.
The orc is heavily wounded.
An iguana comes into view.
You shoot a bolt. The bolt closely misses the orc.
The iguana hisses angrily.
The orc wizard casts a spell at you. The puff of flame misses you.
An adder comes into view.
You shoot a bolt. The bolt hits the orc.
You kill the orc!
An orc wizard comes into view. It is wielding a +0 dagger.
You have reached level 4!
You feel stronger.
You shoot a bolt. The bolt hits the iguana.
The iguana is lightly wounded.
You shoot a bolt. The bolt hits the iguana.
The iguana is moderately wounded.
The iguana bites you! x2
* * * LOW HITPOINT WARNING * * *
The orc wizard casts a spell.
The orc wizard flickers and vanishes!
Deactivating autopickup; reactivate with Ctrl-A.
The orc wizard attacks as you move away!
The orc wizard hits you but does no damage.
You are lethally poisoned!
* * * LOW HITPOINT WARNING * * *
You feel very sick.
* * * LOW HITPOINT WARNING * * *
You feel sick.
* * * LOW HITPOINT WARNING * * *
You feel sick.
The orc wizard attacks as you move away!
The orc wizard hits you with a +0 dagger of venom.
* * * LOW HITPOINT WARNING * * *
You are more poisoned.
You die...

#...# .......# ....# #...#
###.......# ....# #...#
#.........# ....#
###...###.........# ....#
#...............†.##....#.
#...........# #.........
#.........#######.!.....?.
#........@.o.......)......
#..........l..............
#.........................
#...).....................
#.........................
###..............###........
#......#.........# #...##...
#.....##.........# ##### ...
#.....##....[....#


You could see an iguana and an orc wizard.

Vanquished Creatures
  3 adders
  A worm (D:2)
  An orc (D:3)
  2 ball pythons
  7 bats
  6 endoplasms
  2 giant cockroaches (D:2)
  2 hobgoblins (D:1)
  4 quokkas
  2 frilled lizards (D:3)
  A goblin (D:1)
  3 kobolds
  2 rats
36 creatures vanquished.

Notes
Turn   | Place    | Note
-------+----------+-------------------------------------------
     0 | D:1      | GigaChad the Minotaur Hunter began the quest for the Orb.
     0 | D:1      | Reached XP level 1. HP: 18/18 MP: 0/0
    78 | D:1      | Reached XP level 2. HP: 20/25 MP: 1/1
   186 | D:1      | Found a faded altar of an unknown god.
   199 | D:1      | Prayed at the altar of an unknown god.
   199 | D:1      | Became a worshipper of Ashenzari the Shackled
   289 | D:1      | Reached skill level 5 in Crossbows
   549 | D:2      | Reached XP level 3. HP: 21/30 MP: 2/2
   610 | D:2      | Found Kadwunk's Magic Scroll Emporium.
  1055 | D:3      | Reached XP level 4. HP: 29/37 MP: 3/3
  1063 | D:3      | Succumbed to an orc wizard's poison

Illustrated notes

Levels and vault maps discovered:
D:1:      saegor_arrival_simple_a, layout_basic,
          hellmonk_ecumenical_altar_slurped_away
D:2:      layout_basic, serial_shops, nicolae_shop_waterfront
D:3:      layout_basic, serial_shops, nicolae_shop_statue_plus

Skill      XL: |  1  2 |
---------------+-------+-----
Crossbows      | 5 |  5.9
Fighting       | |  2.6
Armour         | |  0.4
Dodging        | |  2.3
Stealth        | |  0.8

Action                   |  1- 3 |  4- 6 || total
-------------------------+-------+-------++-------
Melee: Hand crossbow     |     1 |       ||     1
 Fire: Hand crossbow     |    79 |     2 ||    81
Invok: Curse Item        |     1 |       ||     1
  Use: Scroll            |     2 |       ||     2
Armor: Leather armour    |     7 |       ||     7
       Ring mail         |     7 |     1 ||     8
Dodge: Dodged            |    27 |       ||    27

Table legend: (Time is in decaauts)
 A = Elapsed time spent in this place.
 B = Non-inter-level travel time spent in this place.
 C = Inter-level travel time spent in this place.
 D = Time resting spent in this place.
 E = Time spent auto-exploring this place.
 F = Levels seen in this place.
 G = Mean time per level.
                   A        B        C        D        E       F      G
               +--------+--------+--------+--------+--------+-----+--------+
         Total |   1088 |   1082 |      6 |      0 |    163 |   3 |  362.7 |
       Dungeon |   1088 |   1082 |      6 |      0 |    163 |   3 |  362.7 |
               +--------+--------+--------+--------+--------+-----+--------+

Top non-repeatable levels by time:
     D:2: 593 daAuts
     D:1: 390 daAuts
     D:3: 103 daAuts
